 Dungeon Crawl Stone Soup version 0.19.0-16-g73b5abf (webtiles) character file.

6717 dobroeutro the Carver (level 11, -3/100 HPs)
             Began as a Naga Monk on Nov 10, 2016.
             Was a Priest of Cheibriados.
             Slain by a five-headed hydra (5 damage)
             ... on level 11 of the Dungeon.
             The game lasted 00:20:57 (10424 turns).

dobroeutro the Carver (Naga Monk)                  Turns: 10424, Time: 00:20:58

Health: -3/100     AC: 12    Str: 29    XL:     11   Next: 4%
Magic:  1/13       EV: 12    Int: 23    God:    Cheibriados [***...]
Gold:   482        SH: 16    Dex: 20    Spells: 0 memorised, 10 levels left

rFire  + + +     SeeInvis +     u - +4 falchion "Juymasic" {pain, Stlth+}
rCold  + . .     Gourm    .     e - +2 robe {rC+ rF+}
rNeg   + . .     Faith    .     w - +0 shield {AC+3}
rPois  +         Spirit   .     a - +0 helmet
rElec  .         Reflect  +     j - +0 cloak of the Worm {rF+ rN+ MR++ Dex-3 Stlth+} (curse)
rCorr  .         Harm     .     (no gloves)
MR     +++..                    (no barding)
Stlth  ++++++....               f - +5 amulet of reflection
                                M - ring of stealth
                                t - +5 ring of strength

@: brilliant, flying, very slow
A: see invisible, deformed body, fire resistance 1, low mp 1, poison resistance,
slowness 2, slow metabolism 1, spit poison 1, subdued magic 1, AC +3
a: Spit Poison, Bend Time, Temporal Distortion, Renounce Religion


You were on level 11 of the Dungeon.
You worshipped Cheibriados.
Cheibriados was most pleased with you.
You were hungry.

You visited 2 branches of the dungeon, and saw 12 of its levels.

You collected 482 gold pieces.

Inventory:

Hand Weapons
 u - the +4 falchion "Juymasic" (weapon) {pain, Stlth+}
   (You found it on level 4 of the Dungeon)

   In the hands of one skilled in necromantic magic, it inflicts extra damage on
   living creatures.
   It makes you more stealthy.
 O - the +4 triple sword of the Head {slice, -Tele rElec Str+3}
   (You found it on level 10 of the Dungeon)

   It inflicts extra damage upon your enemies.
   It affects your strength (+3).
   It insulates you from electricity.
   It prevents most forms of teleportation.
Armour
 a - a +0 helmet (worn)
 e - a +2 robe of resistance (worn)
 j - the cursed +0 cloak of the Worm (worn) {rF+ rN+ MR++ Dex-3 Stlth+}
   (You found it on level 4 of the Dungeon)

   It affects your dexterity (-3).
   It protects you from fire.
   It protects you from negative energy.
   It affects your resistance to hostile enchantments.
   It makes you more stealthy.
   It has a curse placed upon it.
 w - a +0 shield of protection (worn)
Jewellery
 f - a +5 amulet of reflection (around neck)
 t - a +5 ring of strength (left hand)
 A - an uncursed ring of flight
 E - an uncursed ring of resist corrosion
 M - a ring of stealth (right hand)
Wands
 C - a wand of flame (29/48)
 F - a wand of disintegration (15/24)
 P - a wand of disintegration (3/24)
Scrolls
 d - 4 scrolls of enchant armour {unknown}
 i - a scroll of random uselessness
 k - 3 scrolls of immolation
 p - 5 scrolls of remove curse
 s - 3 scrolls of recharging {unknown}
 v - a scroll of enchant weapon
 y - 5 scrolls of identify
 z - a scroll of blinking {unknown}
 B - 2 scrolls of fear
 D - a scroll of amnesia {unknown}
Potions
 b - 3 potions of resistance
 g - a potion of flight
 h - 5 potions of mutation
 l - a potion of agility {unknown}
 m - a potion of magic {unknown}
 q - a potion of curing
 r - 3 potions of degeneration {unknown}
 x - a potion of brilliance
 J - a potion of heal wounds {unknown}
 K - a potion of lignification {unknown}
 L - a potion of cancellation {unknown}
Comestibles
 c - 8 bread rations
 n - a beef jerky
 o - 5 meat rations
 G - 11 fruits
 H - 9 royal jellies
 I - a slice of pizza
 N - 2 chunks of flesh


   Skills:
 + Level 7.0 Fighting
 + Level 10.6 Long Blades
 + Level 5.4 Armour
 + Level 5.9 Dodging
 - Level 3.0 Stealth
 - Level 3.0 Shields
 + Level 5.3 Invocations


You had 10 spell levels left.
You didn't know any spells.

Dungeon Overview and Level Annotations

Branches:
Dungeon (11/15)            Temple (1/1) D:4            Lair (0/6) D:9
    Orc: D:9-12

Altars:
Cheibriados
Dithmenos
Elyvilon
Fedhas
Gozag
Hepliaklqana
Kikubaaqudgha
Makhleb
Nemelex Xobeh
Okawaru
Qazlal
Ru
Sif Muna
Trog
Uskayaw
Vehumet
Yredelemnul
Zin
The Shining One

Shops:
D:5 *

Annotations:
D:4 dobroeutro's ghost, amateur MiBe
D:11 exclusion: hydra


Innate Abilities, Weirdness & Mutations

You cannot wear boots.
Your serpentine skin is tough. (AC +3)
You have supernaturally acute eyesight. (SInv)
Armour fits poorly on your strangely shaped body.
Your system is resistant to poisons. (rPois)
You cover ground very slowly.
You have a slow metabolism.
You can spit poison.
Your flesh is heat resistant. (rF+)
Your magical capacity is low. (-10% MP)
Your spells are a little easier to cast, but a little less powerful.


Message History

* * * LOW HITPOINT WARNING * * *
The five-headed hydra closely misses you.
You block the five-headed hydra's attack.
The five-headed hydra misses you.
You are no longer corroded.
The five-headed hydra misses you.
The five-headed hydra bites you but does no damage.
You block the five-headed hydra's attack. x2
The five-headed hydra bites you.
* * * LOW HITPOINT WARNING * * *
Unknown command.
You don't have enough magic at the moment.
It was a potion of brilliance.
You feel clever all of a sudden.
It was a potion of flight.
You feel very buoyant.
You fly up into the air.
The five-headed hydra bites you!
* * * LOW HITPOINT WARNING * * *
The five-headed hydra bites you.
You die...

### # ####.# #.
#....## #.. ##.....#
###.## ##......#
##8...8## ###.....#.#
........###..$...##.#
..........D@...####.#
.........)..#### #.#
.#....####..# #.#
##.## #### #.# # ##.#
########..#
.........##
########.# #.#


You could see a five-headed hydra.

Vanquished Creatures
  2 trolls
  2 two-headed ogres
  2 hornets (D:8)
  Sigmund (D:4)
  A wyvern (D:9)
  2 wargs (D:9)
  4 orc warriors
  2 sky beasts
  An eye of draining (D:11)
  5 ice beasts
  3 phantoms
  2 ogres
  A necrophage (D:5)
  2 centaurs
  A big kobold (D:10)
  6 bullfrogs
  2 scorpions
  A wyvern skeleton (D:6)
  3 killer bees (D:9)
  2 howler monkeys (D:10)
  6 crimson imps
  A centaur zombie (D:8)
  A bullfrog zombie (D:9)
  4 hounds
  A quasit (D:10)
  3 jellies
  10 orc wizards
  A gnoll shaman (D:10)
  11 orc priests
  2 centaur skeletons
  3 bullfrog skeletons
  5 iguanas
  9 worker ants
  A killer bee zombie (D:7)
  2 worker ant zombies
  10 adders
  12 gnolls
  A shadow imp (D:5)
  An ooze (D:5)
  An adder skeleton (D:4)
  4 worms
  3 dart slugs
  5 leopard geckos
  50 orcs
  14 bats
  2 giant cockroaches (D:3)
  7 goblins
  10 hobgoblins
  9 jackals
  3 quokkas
  3 frilled lizards
  18 kobolds
  A leopard gecko zombie (D:5)
  A quokka skeleton (D:6)
  4 rats
264 creatures vanquished.

Vanquished Creatures (others)
  A centaur (D:10)
  2 fungi (D:6)
3 creatures vanquished.

Grand Total: 267 creatures vanquished

Notes
Turn   | Place    | Note
-------+----------+-------------------------------------------
     0 | D:1      | dobroeutro the Naga Monk began the quest for the Orb.
     0 | D:1      | Reached XP level 1. HP: 21/21 MP: 1/1
    98 | D:1      | Reached XP level 2. HP: 17/28 MP: 2/2
   246 | D:1      | HP: 1/28 [rat (1)]
   592 | D:1      | Reached skill level 4 in Long Blades
   665 | D:1      | Reached XP level 3. HP: 26/34 MP: 3/3
  1136 | D:2      | Reached XP level 4. HP: 37/42 MP: 4/4
  1181 | D:2      | Reached skill level 5 in Long Blades
  2379 | D:3      | Reached XP level 5. HP: 46/49 MP: 5/5
  2452 | D:3      | Reached skill level 6 in Long Blades
  2889 | D:4      | Noticed dobroeutro's ghost (amateur MiBe)
  2911 | D:3      | Reached XP level 6. HP: 16/56 MP: 6/6
  3314 | D:4      | Found an iron altar of Okawaru.
  3318 | D:4      | Got a dazzling falchion
  3319 | D:4      | Identified the +4 falchion "Juymasic" {pain, Stlth+} (You found it on level 4 of the Dungeon)
  3626 | D:4      | Reached skill level 7 in Long Blades
  3659 | D:4      | Noticed Sigmund
  3678 | D:4      | Killed Sigmund
  3678 | D:4      | Reached XP level 7. HP: 43/62 MP: 7/7
  4096 | D:4      | Reached skill level 8 in Long Blades
  4115 | D:4      | Found a staircase to the Ecumenical Temple.
  4127 | Temple   | Entered the Ecumenical Temple
  4274 | Temple   | Became a worshipper of Cheibriados the Contemplative
  4274 | Temple   | Reached * piety under Cheibriados
  4274 | Temple   | Reached ** piety under Cheibriados
  4305 | D:4      | Got a jewelled cloak
  4318 | D:4      | Identified the cursed +0 cloak of the Worm {rF+ rN+ MR++ Dex-3 Stlth+} (You found it on level 4 of the Dungeon)
  4444 | D:5      | Entered Level 5 of the Dungeon
  4944 | D:5      | Found Gozag's Platinum Reserve.
  4983 | D:5      | Reached skill level 1 in Armour
  4983 | D:5      | Reached skill level 1 in Shields
  5033 | D:5      | Reached XP level 8. HP: 49/69 MP: 8/8
  5040 | D:5      | Found a basalt altar of Yredelemnul.
  5544 | D:5      | Found a shadowy altar of Dithmenos.
  5654 | D:5      | Reached *** piety under Cheibriados
  5832 | D:5      | Found an opulent altar of Gozag.
  6086 | D:6      | Reached skill level 9 in Long Blades
  6234 | D:6      | Found a sacrificial altar of Ru.
  6460 | D:7      | Reached XP level 9. HP: 78/79 MP: 9/9
  6469 | D:7      | Reached **** piety under Cheibriados
  6539 | D:7      | Gained mutation: Your magical capacity is low. (-10% MP) [potion of mutation]
  6539 | D:7      | Gained mutation: Your spells are a little easier to cast, but a little less powerful. [potion of mutation]
  6539 | D:7      | Gained mutation: Your flesh is heat resistant. (rF+) [potion of mutation]
  6971 | D:7      | Reached skill level 1 in Invocations
  7081 | D:7      | Reached skill level 5 in Fighting
  7301 | D:7      | Found a stormy altar of Qazlal.
  7664 | D:8      | Noticed a two-headed ogre
  7675 | D:8      | Killed a two-headed ogre
  7979 | D:8      | Noticed a hornet
  8169 | D:8      | Reached ***** piety under Cheibriados
  8459 | D:8      | Noticed a hornet
  8467 | D:8      | Killed a hornet
  8467 | D:8      | Killed a hornet
  8467 | D:8      | Reached XP level 10. HP: 91/91 MP: 11/11
  8529 | D:8      | Reached skill level 5 in Dodging
  8541 | D:9      | Found a staircase to the Lair.
  8555 | D:9      | Reached skill level 10 in Long Blades
  9636 | D:10     | Entered Level 10 of the Dungeon
  9660 | D:10     | Got a jewelled triple sword
  9666 | D:10     | Identified the +4 triple sword of the Head {slice, -Tele rElec Str+3} (You found it on level 10 of the Dungeon)
  9858 | D:10     | Reached skill level 5 in Armour
 10024 | D:10     | Reached skill level 5 in Invocations
 10402 | D:11     | Noticed a five-headed hydra
 10409 | D:11     | Reached XP level 11. HP: 99/99 MP: 11/13
 10424 | D:11     | HP: 2/100 [five-headed hydra (12)]
 10424 | D:11     | Slain by a five-headed hydra

Skill      XL: |  1  2  3  4  5  6  7  8  9 10 11 |
---------------+----------------------------------+-----
Long Blades    | 4 5 6 7 8 9 10 | 10.6
Armour         | 1 2 4 5 |  5.4
Shields        | 1 2 3 |  3.0
Dodging        | 3 4 5 |  5.9
Fighting       | 4 5 6 7 |  7.0
Invocations    | 3 5 |  5.3
Stealth        | |  3.0

Action                   |  1- 3 |  4- 6 |  7- 9 | 10-12 || total
-------------------------+-------+-------+-------+-------++-------
Melee: Falchion          |   115 |   242 |   362 |   188 ||   907
       Triple sword      |       |       |       |    23 ||    23
Invok: Slouch            |       |       |       |     6 ||     6
       Bend Time         |       |       |       |     1 ||     1
 Abil: Spit Poison       |       |     2 |     1 |       ||     3
  Use: Potion            |     1 |       |     3 |     2 ||     6
       Scroll            |       |     8 |       |       ||     8
 Stab: Sleeping          |     2 |       |    18 |     7 ||    27
  Eat: Chunk             |       |     7 |    11 |     5 ||    23
Armor: Robe              |     3 |       |    76 |    61 ||   140
       Ring mail         |    29 |    66 |       |       ||    95
Dodge: Dodged            |    62 |    95 |    94 |   103 ||   354
Block: Other             |    26 |    60 |     8 |     8 ||   102
       Reflection        |       |     2 |     4 |     6 ||    12
       Shield            |       |       |   225 |   194 ||   419
       Rpst.: Falchion   |    27 |    22 |    25 |    24 ||    98
       Triple sword      |       |       |       |    10 ||    10
